 Dungeon Crawl Stone Soup version 0.28.0-43-g3370ac3207 (webtiles) character file.

Game seed: 6160195136868159885

25 tizbic2 the Grave Robber (level 3, 0/24 HPs)
             Began as a Formicid Necromancer on Mar 8, 2022.
             Was a Believer of Ru.
             Succumbed to an adder's poison
             ... on level 1 of the Dungeon.
             The game lasted 00:05:21 (1816 turns).

tizbic2 the Grave Robber (Formicid Necromancer)     Turns: 1816, Time: 00:05:22

Health: 0/24       AC:  2    Str: 14    XL:     3   Next: 20%
Magic:  2/6        EV: 12    Int: 14    God:    Ru [**....]
Gold:   66         SH:  0    Dex: 11    Spells: 5/6 levels left

rFire   . . .      SeeInvis +   e - staff of conjuration
rCold   . . .      Faith    .   (no shield)
rNeg    . . .      Spirit   .   a - +0 robe
rPois   .          Reflect  .   (helmet unavailable)
rElec   .          Harm     .   (no cloak)
rCorr   .          Rampage  .   (no gloves)
Will    .....                   (no boots)
Stlth   ++........              (no amulet)
HPRegen 0.08/turn               (no ring)
MPRegen 0.10/turn               (no ring)

@: lethally poisoned (0 -> -1)
A: permanent stasis, dig shafts and tunnels, antennae 3, hated by all, four
strong arms
a: Dig, Shaft Self, Renounce Religion


You were on level 1 of the Dungeon.
You worshipped Ru.
Ru was pleased with you.
You visited 1 branch of the dungeon, and saw 2 of its levels.

You collected 66 gold pieces.

Inventory:

Hand Weapons
 d - a +0 mace
Missiles
 b - 22 stones
Armour
 a - a +0 robe (worn)
Magical Staves
 e - a staff of conjuration (weapon)
Scrolls
 c - a scroll of fog {unknown}


   Skills:
 * Level 2.2 Armour
 - Level 1.7 Dodging
 - Level 2.4 Stealth
 - Level 2.1 Spellcasting
 + Level 4.3 Necromancy


You had 5 spell levels left.
You knew the following spells:

 Your Spells              Type           Power      Damage    Failure   Level
a - Pain                  Necr           52%        1d6       4%          1

Your spell library contained the following spells:

 Spells                   Type           Power      Damage    Failure   Level
 Vampiric Draining        Necr           13%        2d6       12%         3
 Agony                    Necr           13%        N/A       73%         5
 Animate Skeleton         Necr           Unusable   N/A       N/A         1
 Animate Dead             Necr           Unusable   N/A       N/A         4

Dungeon Overview and Level Annotations

Branches:
Dungeon (2/15)

Altars:
Ru


Innate Abilities, Weirdness & Mutations

You cannot be hasted, slowed, berserked, paralysed or teleported.
You can dig through walls and to a lower floor.
You have a pair of large antennae on your head. (SInv)
You are hated by all.
Your four strong arms can wield two-handed weapons with a shield.


Message History

Aim: an adder (chance to affect: 76%)
The adder barely resists.
Casting: Pain (safe; 4% risk of failure)
Confirm with . or Enter, or press ? or * to list all spells.
Aiming: Pain (safe; 4% risk of failure)
Press: ? - help, Shift-Dir - straight line, f/p - adder
Aim: an adder (chance to affect: 76%)
The adder writhes in agony.
The adder bites you.
You barely miss the adder.
The adder is heavily wounded.
The adder closely misses you. x2
Unknown command.
You miss the adder.
The adder is heavily wounded.
The adder barely misses you. The adder bites you.
You are lethally poisoned!
The adder poisons you!
Casting: Pain (safe; 4% risk of failure)
Confirm with . or Enter, or press ? or * to list all spells.
Aiming: Pain (safe; 4% risk of failure)
Press: ? - help, Shift-Dir - straight line, f/p - adder
Aim: an adder (heavily wounded, chance to affect: 76%)
The adder writhes in agony.
You kill the adder!
* * * LOW HITPOINT WARNING * * *
You feel sick.
Your Armour skill increases to level 2!
You have reached level 3!
Your experience leads to an increase in your attributes!
Increase (S)trength, (I)ntelligence, or (D)exterity?
You feel stronger. x2
* * * LOW HITPOINT WARNING * * *
You feel sick.
* * * LOW HITPOINT WARNING * * *
You feel sick.
There is a stone staircase leading up here.
* * * LOW HITPOINT WARNING * * *
You feel sick.
You climb upwards.
You die...

#.# #..# #.# #..#
#.########..# #######
#.#.........# ......##
#.#.######.## .......#
#........#.#
..###..########.....#....#
#.# #....................#
#.####....#####)@...#...##
#............>......##.##
######....#########.##.#
#.....# #.##.# #.....#####
#.##.# #.........####.##.#
#.....###.........#
#.....# ######.####
###.### #.#


There were no monsters in sight!

Vanquished Creatures
  An adder (D:2)
  2 endoplasms
  4 goblins
  2 hobgoblins (D:1)
  A kobold (D:1)
  3 ball pythons
  A bat (D:1)
  2 frilled lizards
16 creatures vanquished.

Notes
Turn   | Place    | Note
-------+----------+-------------------------------------------
     0 | D:1      | tizbic2 the Formicid Necromancer began the quest for the
                  | Orb.
     0 | D:1      | Reached XP level 1. HP: 13/13 MP: 3/3
   416 | D:1      | Reached skill level 1 in Armour
   429 | D:1      | Reached XP level 2. HP: 8/19 MP: 1/5
  1205 | D:1      | Found a faded altar of an unknown god.
  1208 | D:1      | Prayed at the altar of an unknown god.
  1208 | D:1      | Became a worshipper of Ru the Awakened
  1219 | D:1      | Gained mutation: You are hated by all. [Ru sacrifice]
  1219 | D:1      | Reached * piety under Ru
  1219 | D:1      | Reached ** piety under Ru
  1813 | D:2      | Reached XP level 3. HP: 4/24 MP: 2/6
  1815 | D:2      | HP: 1/24 [poisoned by an adder]
  1816 | D:1      | Succumbed to an adder's poison

Illustrated notes

Levels and vault maps discovered:
D:1:      giann_horns, layout_loops_ring, chequers_ecumenical_altar_grove
D:2:      layout_rooms, basic_altar, st_stairs_9

Skill      XL: |  1  2 |
---------------+-------+-----
Armour         | 1 2 |  2.2
Dodging        | |  1.7
Stealth        | |  2.4
Spellcasting   | |  2.1
Necromancy     | |  4.3

Action                   || total
-------------------------++-------
Melee: Short sword       ||     5
       Club              ||     2
       Unarmed           ||     2
       Staff             ||    22
 Cast: Pain              ||    13
Invok: Sacrifice Love    ||     1
 Stab: Sleeping          ||     5
Armor: Robe              ||     3
Dodge: Dodged            ||    21
